 Dungeon Crawl Stone Soup version 0.27.1-1-g398f81649c (webtiles) character file.

Game seed: 3872007683240211171

2401 MajorAdolf the Fighter (level 9, 0/88 HPs)
             Began as a Naga Wanderer on Sept 7, 2021.
             Splashed by Harold's acid (4 damage)
             ... on level 7 of the Dungeon.
             The game lasted 00:16:28 (10848 turns).

MajorAdolf the Fighter (Naga Wanderer)             Turns: 10848, Time: 00:16:28

Health: 0/88       AC:  8    Str: 13    XL:     9   Next: 46%
Magic:  0/17       EV:  8    Int: 17    God:
Gold:   359        SH:  4    Dex: 15    Spells: 16/19 levels left

rFire    + . .     SeeInvis +   c - +9 falchion "Mippoetas" {elec, rF+ rC+ Dex+4}
rCold    + + .     Faith    .   D - +0 buckler
rNeg     . . .     Spirit   +   y - +1 ring mail {rC+}
rPois    +         Reflect  .   (no helmet)
rElec    .         Harm     .   m - +0 cloak
rCorr    +         Rampage  .   p - +0 pair of gloves
Will     +....                  (no barding)
Stlth    ++........             n - amulet of guardian spirit
HPRegen  0.24/turn              h - ring of resist corrosion
MPRegen  0.15/turn              (no ring)

@: marked, very slow
A: AC +3, large, see invisible, deformed body, poison resistance, slowness 2,
spit poison 1, naga tail 1
a: Spit Poison


You were on level 7 of the Dungeon.
You visited 2 branches of the dungeon, and saw 8 of its levels.

You collected 359 gold pieces.

Inventory:

Hand Weapons
 c - the +9 falchion "Mippoetas" (weapon) {elec, rF+ rC+ Dex+4}
   (You found it on level 7 of the Dungeon)

   It occasionally discharges a powerful burst of electricity upon striking a
   foe.
   Dex:       It affects your dexterity (+4).
   rF:        It protects you from fire.
   rC:        It protects you from cold.
 t - a +1 falchion of holy wrath
 x - a +4 dagger
Missiles
 A - 3 poisoned darts
Armour
 e - a +0 robe
 m - a +0 cloak (worn)
 p - a +0 pair of gloves (worn)
 y - a +1 ring mail of cold resistance (worn)
 D - a +0 buckler (worn)
Jewellery
 h - a ring of resist corrosion (left hand)
 n - an amulet of guardian spirit (around neck)
 r - a +6 ring of strength
Wands
 a - a wand of paralysis (6)
Scrolls
 b - a scroll of fear
 f - a scroll of magic mapping
 g - 5 scrolls of identify
 i - 3 scrolls of teleportation
 u - 2 scrolls of acquirement {unknown}
 v - a scroll of enchant armour {unknown}
 w - a scroll of amnesia {unknown}
 z - 2 scrolls of enchant weapon {unknown}
 C - a scroll of fog {unknown}
Potions
 j - 3 potions of curing
 k - a potion of might {unknown}
 l - 2 potions of heal wounds {unknown}
 o - a potion of lignification {unknown}
 s - 2 potions of attraction {unknown}
 B - a potion of degeneration {unknown}


   Skills:
 + Level 8.0 Fighting
 - Level 2.0 Short Blades
 - Level 1.7 Throwing
 - Level 1.0 Dodging
 - Level 5.0 Stealth
 + Level 1.3 Shields
 + Level 5.6 Spellcasting
 + Level 2.6 Hexes
 + Level 6.1 Evocations


You had 16 spell levels left.
You knew the following spells:

 Your Spells              Type           Power      Damage    Failure   Level
a - Confusing Touch       Hex            13%        N/A       36%         3

Your spell library contained the following spells:

 Spells                   Type           Power      Damage    Failure   Level
 Slow                     Hex            13%        N/A       19%         2
 Static Discharge         Conj/Air       4%         N/A       47%         2
 Ignite Poison            Fire/Tmut/Pois 4%         N/A       71%         3
 Mephitic Cloud           Conj/Pois/Air  4%         N/A       71%         3
 Vampiric Draining        Necr           2%         2d6       71%         3
 Hailstorm                Conj/Ice       4%         3d4       98%         4
 Ice Form                 Ice/Tmut       4%         N/A       98%         4
 Bolt of Magma            Conj/Fire/Erth 2%         4d4       100%        5
 Lightning Bolt           Conj/Air       2%         1d13      100%        5
 Conjure Ball Lightning   Conj/Air       2%         3x3d6     100%        6
 Dispersal                Tloc           2%         N/A       100%        6
 Simulacrum               Ice/Necr       2%         N/A       100%        6
 Discord                  Hex            6%         N/A       100%        8
 Disjunction              Tloc           2%         N/A       100%        8
 Maxwell's Capacitive Co  Air            2%         ∞         100%        8


Dungeon Overview and Level Annotations

Branches:
Dungeon (7/15)             Temple (1/1) D:6

Altars:
Ashenzari
Cheibriados
Dithmenos
Kikubaaqudgha
Okawaru
Sif Muna
Trog
Uskayaw
Vehumet
Wu Jian
Xom
Yredelemnul
The Shining One

Shops:
D:1 (   D:7 [

Annotations:
D:5 2 runed translucent doors
D:7 Harold


Innate Abilities, Weirdness & Mutations

Your serpentine skin is tough. (AC +3)
You have supernaturally acute eyesight. (SInv)
Armour fits poorly on your strangely shaped body.
Your system is resistant to poisons. (rPois)
You cover ground very slowly.
You can spit poison.
You have a snake-like lower body.


Message History

You hit Harold.
Harold is lightly wounded.
Harold zaps a wand.
The bolt of acid misses you. Harold hits you with a +0 hand axe!
You slash Harold! Lightning courses through Harold!
Harold is moderately wounded.
Harold says, "Do you have any idea what people are willing to pay to have you killed, MajorAdolf?"
You block Harold's attack.
You slash Harold! Lightning courses through Harold!
Harold is heavily wounded.
The bullfrog seems less confused.
Harold hits you with a +0 hand axe.
You completely miss Harold.
Harold is heavily wounded.
The bullfrog hits you. Harold hits you with a +0 hand axe!
The bullfrog closely misses you.
You riposte.
You closely miss the bullfrog.
Harold zaps a wand.
The bolt of acid hits you. You resist.
You are splashed with acid.
You resist.
You slash Harold!
Harold is severely wounded.
You block the bullfrog's attack.
A scorpion comes into view.
The bullfrog hits you.
Harold zaps a wand.
The bolt of acid hits you. You resist.
You are splashed with acid.
You resist.
* * * LOW HITPOINT WARNING * * *
As you read the scroll of teleportation, it crumbles to dust.
You feel strangely unstable. The bullfrog barely misses you.
You riposte.
You closely miss the bullfrog. Harold closely misses you.
Unknown command.
The bullfrog hits you.
* * * LOW HITPOINT WARNING * * *
Harold zaps a wand.
The bolt of acid hits you. You resist.
* * * LOW HITPOINT WARNING * * *
You are splashed with acid.
You resist.
* * * LOW HITPOINT WARNING * * *
You block the bullfrog's attack.
Your surroundings seem slightly different.
Harold zaps a wand.
The bolt of acid hits you! You resist.
* * * LOW HITPOINT WARNING * * *
You are splashed with acid.
You resist.
You die...

#..##?###..#
#.§##......########
.####..##.##...........
....s...F.......##.....#
..####.@##.##..###......
...............# #......
...............###......
#.#
.........................
#.#
.....##.@...##.#########.
.). #.... #####.##.# #.
#.# ##... #.##.# #. #.#
... # #.##.# #. # #.#
#.##..#####.##.# #.
####.####.##.∩....#.##.#
##......†..............#
..........##...........
##.#.####.##...........


You could see Harold and a bullfrog.

Vanquished Creatures
  A shadow (D:6)
  A steam dragon (D:6)
  A water moccasin (D:6)
  2 black bears
  An orc warrior (D:4)
  An ogre (D:5)
  A necrophage (D:6)
  A phantom (D:5)
  2 bullfrogs
  A gnoll sergeant (D:6)
  A water moccasin zombie (D:3)
  7 scorpions
  A water moccasin skeleton (D:5)
  A bullfrog zombie (D:6)
  A centaur zombie (D:6)
  4 orc priests
  2 gnoll shamans (D:6)
  A hound (D:5)
  5 iguanas
  A centaur skeleton (D:6)
  3 orc wizards
  Terence (D:3)
  A hound skeleton (D:5)
  11 adders
  A shadow imp (D:5)
  4 white imps
  2 ufetubi
  An adder skeleton (D:4)
  2 worms
  A dart slug (D:2)
  17 orcs
  3 ball pythons
  9 bats
  6 endoplasms
  5 goblins
  8 hobgoblins
  8 jackals
  A quokka (D:4)
  4 frilled lizards
  9 kobolds
  6 rats
139 creatures vanquished.

Notes
Turn   | Place    | Note
-------+----------+-------------------------------------------
     0 | D:1      | MajorAdolf the Naga Wanderer began the quest for the Orb.
     0 | D:1      | MajorAdolf set off with the following items: a +2 dagger, a
                  | scroll of fear, a +0 quarterstaff, a +0 short sword, a +0
                  | robe
     0 | D:1      | Reached XP level 1. HP: 21/21 MP: 1/1
   773 | D:1      | Reached XP level 2. HP: 20/28 MP: 2/2
   885 | D:1      | Found Dotivu's Antique Weapon Shoppe.
  1547 | D:1      | Reached skill level 4 in Fighting
  1568 | D:1      | Reached XP level 3. HP: 7/36 MP: 3/3
  2439 | D:2      | Reached XP level 4. HP: 42/45 MP: 4/4
  3023 | D:3      | Found a faded altar of an unknown god.
  3096 | D:3      | Noticed Terence
  3107 | D:3      | Killed Terence
  3108 | D:3      | Reached skill level 5 in Fighting
  3108 | D:3      | Reached skill level 1 in Spellcasting
  3108 | D:3      | Reached XP level 5. HP: 44/52 MP: 6/6
  3201 | D:3      | Reached skill level 1 in Evocations
  3633 | D:5      | Entered Level 5 of the Dungeon
  3760 | D:5      | Reached XP level 6. HP: 53/61 MP: 8/8
  3834 | D:5      | Reached skill level 5 in Stealth
  3984 | D:5      | Reached XP level 7. HP: 34/68 MP: 5/10
  4269 | D:4      | Found a glowing golden altar of the Shining One.
  4445 | D:4      | Found a shadowy altar of Dithmenos.
  4926 | D:5      | Reached skill level 6 in Fighting
  4933 | D:5      | Found a large runed translucent door.
  4933 | D:5      | Found a large runed translucent door.
  5449 | D:5      | Reached XP level 8. HP: 66/78 MP: 10/13
  6425 | D:6      | Reached skill level 7 in Fighting
  6983 | D:6      | Reached skill level 5 in Evocations
  7422 | D:6      | Found a staircase to the Ecumenical Temple.
  7814 | Temple   | Entered the Ecumenical Temple
  8213 | D:6      | Reached skill level 5 in Spellcasting
  8339 | D:6      | Learned a level 3 spell: Confusing Touch
  8560 | D:6      | Reached skill level 1 in Hexes
  8560 | D:6      | Reached XP level 9. HP: 86/86 MP: 16/16
  9145 | D:7      | Found a shimmering blue altar of Sif Muna.
  9146 | D:7      | Found a hide-covered altar of Uskayaw.
  9250 | D:7      | Found Sauttoung's Armour Boutique.
  9254 | D:7      | Noticed Harold
  9600 | D:6      | Reached skill level 1 in Shields
  9603 | D:6      | HP: 2/88 [bullfrog zombie (5)]
 10303 | D:6      | Reached skill level 8 in Fighting
 10836 | D:7      | Identified the +9 falchion "Mippoetas" {elec, rF+ rC+
                  | Dex+4}
 10848 | D:7      | HP: 4/88 [Harold/bolt of acid (7)]
 10848 | D:7      | Splashed by Harold's acid

Illustrated notes

Levels and vault maps discovered:
D:1:      ncdulo_watergridlock, layout_basic, serial_shops, shop
D:2:      layout_basic
D:3:      layout_basic, serial_corexii_hall, chequers_hall_statues_y,
          chequers_hall_statues_wall_a, chequers_ecumenical_altar_island,
          uniq_terence
D:4:      layout_rooms, kennysheep_little_box, tso_metal_star
D:5:      layout_gridville, jmf_multi_god_temple2, amethyst_killhole
D:6:      kennysheep_windowed_halls, layout_rooms,
          minmay_temple_entry_large_hall, serial_curves, eino_curves_02,
          eino_curves_04
D:7:      layout_basic, mainiacjoe_overflow_brackets,
          gammafunk_temple_overflow_pools, serial_shops, shop,
          minmay_microvault, uniq_crazy_yiuf_cottage, uniq_harold
Temple:   compressed_dpeg_triangle_lava_temple

Skill      XL: |  1  2  3  4  5  6  7  8  9 |
---------------+----------------------------+-----
Fighting       | 4 5 6 7 8 |  8.0
Spellcasting   | 1 2 3 5 |  5.6
Stealth        | 4 5 |  5.0
Evocations     | 1 2 3 5 6 |  6.1
Hexes          | 1 2 |  2.6
Shields        | 1 |  1.3
Short Blades   | |  2.0
Throwing       | |  1.7
Dodging        | |  1.0

Action                   |  1- 3 |  4- 6 |  7- 9 || total
-------------------------+-------+-------+-------++-------
Melee: Quarterstaff      |    68 |    29 |       ||    97
       Falchion          |       |    56 |   363 ||   419
Throw: Dart              |       |       |     6 ||     6
 Cast: Confusing Touch   |       |       |     9 ||     9
 Abil: Spit Poison       |    22 |    30 |    45 ||    97
Evoke: Wand              |       |       |     6 ||     6
  Use: Scroll            |       |       |     6 ||     6
 Stab: Sleeping          |     1 |     2 |     2 ||     5
       Confused          |       |       |     7 ||     7
Armor: Robe              |    33 |    33 |       ||    66
       Ring mail         |       |    21 |   223 ||   244
Dodge: Dodged            |    44 |    41 |   166 ||   251
Block: Buckler           |       |       |    23 ||    23
       Rpst.: Falchion   |       |     3 |    39 ||    42
